 Dungeon Crawl Stone Soup version 0.30.0-29-ga12c61a403 (webtiles) character file.

Game seed: 12908894074709095645

107 Graphine the Sneak (level 4, -8/30 HPs)
             Began as an Octopode Brigand on June 22, 2023.
             Mangled by a gnoll
             ... wielding a +0 whip
              (9 damage)
             ... on level 2 of the Dungeon.
             The game lasted 00:02:13 (1040 turns).

Graphine the Sneak (Octopode Brigand)               Turns: 1040, Time: 00:02:14

Health: -8/30      AC:  1    Str: 10    XL:     4   Next: 86%
Magic:  4/4        EV: 13    Int: 13    God:
Gold:   61         SH:  0    Dex: 15    Spells: 3/3 levels left

rFire   . . .        a - +2 dagger
rCold   . . .        (no shield)
rNeg    . . .        (helmet restricted)
rPois   .            (no amulet)
rElec   .            (no ring)
rCorr   .            (no ring)
SInv    .            (no ring)
Will    .....        (no ring)
Stlth   ++++         (no ring)
HPRegen 0.25/turn    (no ring)
MPRegen 0.09/turn    (no ring)
                     (no ring)

%: no passive effects
@: no status effects
A: almost no armour, amphibious, 8 rings, camouflage 1, gelatinous body 1,
(nimble swimmer 1), tentacles
a: no special abilities


You were on level 2 of the Dungeon.
You visited 1 branch of the dungeon, and saw 2 of its levels.

You collected 61 gold pieces.

Inventory:

Hand Weapons
 a - a +2 dagger (weapon)
Scrolls
 d - a scroll of identify
Potions
 e - 3 potions of attraction {unknown}


   Skills:
 + Level 2.6 Fighting
 + Level 2.6 Short Blades
 + Level 2.7 Throwing
 + Level 1.8 Dodging
 * Level 6.5 Stealth


You had 3 spell levels left.
You didn't know any spells.
Your spell library contained the following spells:

 Spells                   Type           Power      Damage    Failure   Level
 Gell's Gravitas          Tloc           0%         N/A       67%         3
 Teleport Other           Tloc           0%         N/A       67%         3
 Dispersal                Tloc           0%         N/A       100%        6


Dungeon Overview and Level Annotations

Branches:
Dungeon (2/15)

Altars:


Innate Abilities, Weirdness & Mutations

You cannot wear most types of armour.
You are amphibious.
You can wear up to eight rings at the same time.
Your skin changes colour to match your surroundings (Stealth+).
Your rubbery body absorbs attacks. (AC +1, EV +1)
((You are camouflaged when in or above water. (Stealth+)))
You have tentacles for arms and can constrict up to eight enemies at once.


Message History

Unknown command.
You hit the goblin.
You kill the goblin!
The gnoll barely misses you.
Things that are here:
a +0 dagger; a goblin corpse You hit the gnoll.
You grab the gnoll. You squeeze the gnoll.
You kill the gnoll!
The gnoll barely misses you. x2
Items here: ( )) ††.
You hit the gnoll. You grab the gnoll.
The gnoll is almost dead.
You constrict the gnoll.
You kill the gnoll!
The gnoll hits you with a +0 whip!
You are too injured to fight recklessly!
You are too injured to fight recklessly!
You are too injured to fight recklessly!
You are too injured to fight recklessly!
Hit: a) +2 dagger
Press: ? - help, Dir - move target, f - gnoll
Aim: a gnoll, wielding a +0 whip (about 30% to evade your +2 dagger)
You hit the gnoll but do no damage. You grab the gnoll. You squeeze the gnoll.
The gnoll is lightly wounded.
You constrict the gnoll, but do no damage.
The gnoll hits you with a +0 whip.
Hit: a) +2 dagger
Press: ? - help, Dir - move target, f/p - gnoll
Aim: a gnoll, wielding a +0 whip (lightly wounded, constricted by you, about 6% to evade your +2 dagger)
You hit the gnoll but do no damage. You squeeze the gnoll.
The gnoll is moderately wounded.
You constrict the gnoll. The gnoll hits you with a +0 whip!
* * * LOW HITPOINT WARNING * * *
Hit: a) +2 dagger
Press: ? - help, Dir - move target, f/p - gnoll
Aim: a gnoll, wielding a +0 whip (heavily wounded, constricted by you, about 6% to evade your +2 dagger)
You hit the gnoll but do no damage.
The gnoll is heavily wounded.
You constrict the gnoll. The gnoll hits you with a +0 whip!
You die...

#..........# #.... #..........#
#.... +..........# #....
#...g......# #.... ..........#
#.... .......[..### #####
####.......# # .##.###g.....#
##### # #.##..)@)...(.# #...# #
#.##.##.####.########...###
....................'...'..
..##.##.####.##.....#...##.
########.##.####.######.######.
#................# #)..####.
#.........#.###### ##....##.
#.........#.#<##########....###
#.........#)#.#.......##....##


You could see a gnoll.

Vanquished Creatures
  7 gnolls (D:2)
  An adder (D:2)
  3 endoplasms
  A goblin (D:2)
  2 hobgoblins (D:1)
  3 quokkas
  7 bats
  2 frilled lizards (D:1)
  3 kobolds
  5 rats
34 creatures vanquished.

Notes
Turn   | Place    | Note
-------+----------+-------------------------------------------
     0 | D:1      | Graphine the Octopode Brigand began the quest for the Orb.
     0 | D:1      | Reached XP level 1. HP: 14/14 MP: 1/1
   358 | D:1      | Reached XP level 2. HP: 19/19 MP: 2/2
   850 | D:2      | Reached XP level 3. HP: 24/24 MP: 3/3
   881 | D:2      | Reached skill level 6 in Stealth
   889 | D:2      | Reached XP level 4. HP: 12/30 MP: 4/4
  1039 | D:2      | HP: 1/30 [gnoll/+0 whip (10)]
  1040 | D:2      | Mangled by a gnoll

Illustrated notes

Levels and vault maps discovered:
D:1:      minmay_arrival_widening_spiral_wide, layout_basic
D:2:      minmay_chambers_of_twos, layout_basic

Skill      XL: |  1  2  3 |
---------------+----------+-----
Stealth        | 6 |  6.5
Fighting       | |  2.6
Short Blades   | |  2.6
Throwing       | |  2.7
Dodging        | |  1.8

Action                     |  1- 3 |  4- 6 || total
---------------------------+-------+-------++-------
  Melee: Dagger            |    55 |     8 ||    63
         Constrict         |    15 |     4 ||    19
         Punch             |     1 |       ||     1
         Tentacles         |     4 |     4 ||     8
  Throw: Dart              |     8 |    11 ||    19
    Use: Scroll            |     5 |       ||     5
         Potion            |     1 |       ||     1
   Stab: Sleeping          |    10 |       ||    10
 Armour: Skin              |     5 |     1 ||     6
  Dodge: Dodged            |    29 |     8 ||    37
